 Dungeon Crawl Stone Soup version 0.29-a0-847-g24c0ca63c9 (webtiles) character file.

Game seed: 13844807593854695322

132291 Malachi the Bludgeoner (level 16, -4/150 HPs)
             Began as a Palentonga Fighter on July 16, 2022.
             Was the Champion of Jiyva.
             Slain by a shambling mangrove (16 damage)
             ... on level 1 of the Swamp.
             The game lasted 00:56:00 (24371 turns).

Malachi the Bludgeoner (Palentonga Fighter)        Turns: 24371, Time: 00:56:01

Health: -4/150     AC: 30    Str: 31    XL:     16   Next: 27%
Magic:  10/16      EV:  4    Int: 10    God:    Jiyva [******]
Gold:   1282       SH: 10    Dex:  6    Spells: 15/15 levels left

rFire   + . .      SeeInvis +   P - +8 flail "Binyd" {freeze, rPois rCorr}
rCold   + . .      Faith    .   Y - +0 kite shield
rNeg    + . .      Spirit   .   G - +1 chain mail of Autotheism {rElec Regen+ rCorr Dex-4}
rPois   +          Reflect  .   (helmet restricted)
rElec   +          Harm     .   (no cloak)
rCorr   +          Rampage  .   K - +0 pair of gloves {infuse}
Will    ++++.      Clarity  +   H - +3 barding of a Labyrinth {Str+3}
Stlth   ..........              L - amulet of the Four Winds {rN+ Will+++ Clar}
HPRegen 1.60/turn               l - ring of flight
MPRegen 0.65/turn               Q - ring "Wyisokar" {rF+ rC+ Int+2}

@: flying, inhibited regen, curled up
A: large, rugged brown scales 3, see invisible, deformed body, roll 1, armoured
tail, reflexive curl, hooves 1, horns 1, iridescent scales 1, robust 1,
inhibited regeneration, wild magic 1, eyeballs 1, translucent skin 1
}: 1/15 runes: slimy
a: Rolling Charge, Renounce Religion, Oozemancy, Slimify


You were on level 1 of the Swamp.
You worshipped Jiyva.
Jiyva was exalted by your worship.
You visited 5 branches of the dungeon, and saw 29 of its levels.
You also visited: Sewer, Gauntlet and Ice Cave.

You collected 1886 gold pieces.
You spent 604 gold pieces at shops.

Inventory:

Hand Weapons
 b - a +2 whip of electrocution
 y - a +4 morningstar of protection
 P - the +8 flail "Binyd" (weapon) {freeze, rPois rCorr}
   (You found it in a Gauntlet)

   It freezes those it strikes, dealing additional cold damage.
   It can also slow down cold-blooded creatures.
   rPois:     It protects you from poison.
   rCorr:     It protects you from acid and corrosion.
Armour
 m - the +3 helmet of the Voracious Slug {MP+9 Dex+3 Stlth+}
   (You acquired it in a sewer)

   Dex:       It affects your dexterity (+3).
   MP:        It affects your magic capacity (+9).
   Stlth:     It makes you more stealthy.
 s - a +0 tower shield
 G - the +1 chain mail of Autotheism (worn) {rElec Regen+ rCorr Dex-4}
   (You found it on level 4 of the Lair of Beasts)

   Dex:       It affects your dexterity (-4).
   rElec:     It insulates you from electricity.
   Regen:     It increases your rate of health regeneration.
   rCorr:     It protects you from acid and corrosion.
 H - the +3 barding of a Labyrinth (worn) {Str+3}
   (You acquired it on level 10 of the Dungeon)

   Str:       It affects your strength (+3).
 K - a +0 pair of gloves of infusion (worn)
 M - an orb of wrath
 Y - a +0 kite shield (worn)
Jewellery
 l - a ring of flight (left hand)
 F - a +4 ring of protection
 L - the amulet of the Four Winds (around neck) {rN+ Will+++ Clar}
   (You found it on level 5 of the Pits of Slime)

   [amulet of nothing]

   rN:        It protects you from negative energy.
   Clar:      It protects you against confusion.
   Will:      It greatly increases your willpower.
 Q - the ring "Wyisokar" (right hand) {rF+ rC+ Int+2}
   (You found it on level 5 of the Pits of Slime)

   [ring of protection from cold]

   Int:       It affects your intelligence (+2).
   rF:        It protects you from fire.
   rC:        It protects you from cold.
 S - the ring "Faarenk" {rElec Will+ Int+5}
   (You found it in a Gauntlet)

   [ring of willpower]

   Int:       It affects your intelligence (+5).
   rElec:     It insulates you from electricity.
   Will:      It increases your willpower.
 T - the ring of Brilliance {Ice rElec Str+2 Stlth+}
   (You took it off a minotaur in a Gauntlet)

   [ring of ice]

   It enhances your ice magic.
   Str:       It affects your strength (+2).
   rF:        It makes you vulnerable to fire.
   rC:        It protects you from cold.
   rElec:     It insulates you from electricity.
   Stlth:     It makes you more stealthy.
 X - the amulet of the Sparrow {rC- rN+++ Regen+ rCorr SInv}
   (You found it in a Gauntlet)

   [amulet of regeneration]

   rC:        It makes you vulnerable to cold.
   rN:        It renders you almost immune to negative energy.
   SInv:      It lets you see invisible.
   Regen:     It increases your rate of health regeneration.
   rCorr:     It protects you from acid and corrosion.
Wands
 d - a wand of roots (17)
 t - a wand of mindburst (27)
 v - a wand of flame (23)
 x - a wand of digging (9)
 U - a wand of polymorph (3)
 V - a wand of paralysis (6)
 W - a wand of light (5)
Scrolls
 e - 4 scrolls of immolation
 f - 4 scrolls of silence
 i - a scroll of amnesia
 k - 15 scrolls of teleportation
 o - 4 scrolls of enchant weapon
 p - 3 scrolls of brand weapon
 r - 5 scrolls of fog
 u - 2 scrolls of blinking
 C - a scroll of poison
 E - a scroll of torment
 I - a scroll of fear
 J - 2 scrolls of summoning
Potions
 g - 3 potions of flight
 h - 2 potions of brilliance
 j - 9 potions of ambrosia
 n - 11 potions of curing
 q - a potion of heal wounds
 w - 2 potions of magic
 z - 5 potions of haste
 A - 3 potions of invisibility
 B - 3 potions of lignification
 D - a potion of berserk rage
 O - a potion of cancellation
Miscellaneous
 a - a box of beasts
 c - a lightning rod (4/4)
 R - a tin of tremorstones (2/2)
 Z - a phial of floods


   Skills:
 - Level 12.4 Fighting
 - Level 20.4 Maces & Flails
 - Level 9.2 Armour
 - Level 12.0 Shields
 + Level 11.5 Evocations


You had 15 spell levels left.
You didn't know any spells.
Your spell library contained the following spells:

 Spells                   Type           Power      Damage    Failure   Level
 Apportation              Tloc           0%         N/A       97%         1
 Foxfire                  Conj/Fire      0%         2x1d4     97%         1
 Necrotise                Necr           0%         1d4       97%         1
 Sting                    Tmut/Pois      0%         1d3       97%         1
 Summon Small Mammal      Summ           0%         N/A       97%         1
 Ensorcelled Hibernation  Hex/Ice        0%         N/A       99%         2
 Poisonous Vapours        Pois/Air       0%         N/A       99%         2
 Static Discharge         Conj/Air       0%         3-3/arc   99%         2
 Call Canine Familiar     Summ           0%         N/A       100%        3
 Conjure Flame            Conj/Fire      0%         6-21      100%        3
 Gell's Gravitas          Tloc           0%         N/A       100%        3
 Inner Flame              Hex/Fire       0%         N/A       100%        3
 Lesser Beckoning         Tloc           0%         N/A       100%        3
 Spider Form              Tmut/Pois      0%         N/A       100%        3
 Stone Arrow              Conj/Erth      0%         3d7       100%        3
 Summon Guardian Golem    Hex/Summ       0%         N/A       100%        3
 Teleport Other           Tloc           0%         N/A       100%        3
 Tukima's Dance           Hex            0%         N/A       100%        3
 Anguish                  Hex/Necr       0%         N/A       100%        4
 Animate Armour           Summ/Erth      0%         N/A       100%        4
 Animate Dead             Necr           0%         N/A       100%        4
 Corpse Rot               Necr/Pois/Air  0%         N/A       100%        4
 Dispel Undead            Necr           0%         3d6       100%        4
 Flame Wave               Conj/Fire      0%         2d4       100%        4
 Olgreb's Toxic Radiance  Pois           0%         N/A       100%        4
 Freezing Cloud           Conj/Ice/Air   0%         6-21      100%        5
 Lightning Bolt           Conj/Air       0%         1d11      100%        5
 Simulacrum               Ice/Necr       0%         N/A       100%        6
 Haunt                    Necr/Summ      0%         N/A       100%        7
 Orb of Destruction       Conj           0%         9d5       100%        7
 Spellforged Servitor     Conj/Summ      0%         N/A       100%        7
 Discord                  Hex            0%         N/A       100%        8
 Infestation              Necr           0%         N/A       100%        8
 Lehudib's Crystal Spear  Conj/Erth      0%         10d2      100%        8
 Maxwell's Capacitive Co  Air            0%         ∞         100%        8
 Polar Vortex             Ice            0%         N/A       100%        9


Dungeon Overview and Level Annotations

Branches:
Dungeon (15/15)            Temple (0/1) D:4            Lair (6/6) D:11
  Swamp (1/4) Lair:2        Snake (0/4) Lair:4        Slime (5/5) Lair:5
    Orc (2/2) D:10            Elf (0/3) Orc:2        Vaults (0/5) D:13
 Depths (0/4) D:15          Sewer (visited)           IceCv (visited)
Gauntlet (visited)

Altars:
Fedhas
Gozag
Nemelex Xobeh
Ru
Sif Muna
Trog
Uskayaw
The Shining One
Jiyva
Lugonu

Shops:
D:3 !   D:5 [   D:9 =   D:15 [   Orc:2 [=*(

Portals:
Abyss: Orc:1

Annotations:
Slime:3 Dissolution
Slime:5 Royal Jelly


Innate Abilities, Weirdness & Mutations

You are completely covered in rugged brown scales. (AC +3, +7% HP)
You have supernaturally acute eyesight. (SInv)
Armour fits poorly on your strangely shaped body.
You can roll at nearby foes to attack.
You have a long armoured tail.
You curl defensively after being hit. (AC +7*)
You have large cloven feet.
You have a pair of small horns on your head.
You are partially covered in iridescent scales. (AC +2)
You are robust. (+10% HP)
You do not regenerate when monsters are visible.
Your spells are a little harder to cast, but a little more powerful.
Your body has grown eyes which may confuse attackers. (Acc +3)
Your translucent skin slightly reduces your foes' accuracy. (Stealth+)


Message History

Unknown command.
You are too injured to fight recklessly!
You are too injured to fight recklessly!
Unknown command.
You sock the hornet! You freeze the hornet. Your kick misses the hornet.
Your tail-slap misses the hornet.
The hornet is severely wounded.
The hornet stings you but does no damage.
The hornet stings you.
You feel yourself slow down. The hornet stings you.
* * * LOW HITPOINT WARNING * * *
The hornet stings you but does no damage.
You hit the hornet. You freeze the hornet. Your kick misses the hornet.
The hornet is almost dead.
You feel yourself speed up.
The hornet stings you but does no damage.
The hornet stings you.
* * * LOW HITPOINT WARNING * * *
The shambling mangrove hits you!
* * * LOW HITPOINT WARNING * * *
The grasping roots constrict you.
Okay, then.
As you read the scroll of fear, it crumbles to dust.
You assume a fearsome visage.
The hornet looks frightened! x2
The shambling mangrove is unaffected.
You block the shambling mangrove's attack.
The grasping roots constrict you!!
* * * LOW HITPOINT WARNING * * *
You hear a distant slurping noise.
You sock the shambling mangrove! You freeze the shambling mangrove.
You kick the shambling mangrove, but do no damage.
You headbutt the shambling mangrove, but do no damage.
Your tail-slap misses the shambling mangrove.
The shambling mangrove is almost destroyed.
The grasping roots release their grip on you.
You hit the shambling mangrove but do no damage.
You kick the shambling mangrove, but do no damage.
You headbutt the shambling mangrove, but do no damage.
The shambling mangrove is almost destroyed.
The shambling mangrove hits you!
You die...

.≈≈....♣♣.≈..≈≈≈.♣
.≈...≈.♣..≈.≈≈≈≈.♣
♣♣♣.≈≈≈.♣≈.......♣♣
♣.≈≈≈≈♣♣≈.≈≈≈..≈♣
♣♣♣≈♣≈.≈≈.†≈≈≈y♣♣
♣♣♣♣≈≈.....≈≈≈≈≈..♣♣
≈♣♣....≈≈≈≈§≈≈§≈..≈♣♣
..≈...≈≈§≈≈≈≈≈§..≈§≈♣
≈≈≈.≈≈≈≈≈≈≈≈≈≈≈≈@♣.♣♣
..♣.§≈≈≈≈≈≈≈≈≈§≈/f...♣
♣♣..≈≈≈≈≈≈§.≈≈≈≈..≈[≈.♣
......≈≈≈≈..≈≈≈≈.≈≈≈...♣
....♣.≈≈§≈♣≈♣§..y§≈.....
..≈≈♣§.≈.♣≈≈≈≈.≈.≈§.....
♣♣♣.....♣≈≈≈≈≈♣≈≈.≈♣♣♣♣♣
♣♣♣....≈≈≈≈≈≈≈≈♣≈≈♣§
♣♣...≈≈.≈≈≈


You could see a shambling mangrove and 2 hornets.

Vanquished Creatures
  Rupert (D:15)
  3 orc warlords
  Louise (D:15)
  An eleionoma (Swamp:1)
  A minotaur (Gauntlet)
  Snorg (D:13)
  14 hydras
  4 catoblepae
  3 boulder beetles
  6 centaur warriors
  An alligator (Swamp:1)
  5 two-headed ogres
  A tengu warrior (D:14)
  10 death yaks (Lair:6)
  A death scarab (Gauntlet)
  Urug (D:10)
  An orc high priest (Orc:2)
  A fire crab (shapeshifter) (D:12)
  A spectral death yak (Gauntlet)
  A wizard (D:14)
  3 bog bodies
  3 deep elf pyromancers
  2 necromancers
  Pikel (D:7)
  A deep elf zephyrmancer (D:15)
  7 orc knights
  7 orc sorcerers
  4 cyclopes
  10 manticores
  An oklob plant (Gauntlet)
  A salamander (shapeshifter) (D:13)
  23 ugly things
  8 elephants
  A black mamba (shapeshifter) (D:15)
  2 ice statues (IceCv)
  A naga mage (D:15)
  A gargoyle (D:13)
  2 centaur skeletons (D:15)
  6 black mambas
  8 cane toads
  6 rime drakes
  3 efreet
  12 komodo dragons
  Maggie (D:6)
  5 ice devils (IceCv)
  An unseen horror (D:11)
  A yaktaur (D:12)
  A tengu conjurer (D:14)
  5 anaconda simulacra (IceCv)
  An entropy weaver simulacrum (IceCv)
  9 trolls
  A meliai (D:12)
  5 polar bears
  Grinder (D:6)
  A queen bee (Lair:2)
  2 tyrant leeches
  16 blink frogs
  A vampire (D:10)
  6 centaur simulacra
  10 wyverns
  2 water elementals (D:15)
  6 wraiths
  61 yaks
  A dire elephant simulacrum (IceCv)
  A fire elemental (Gauntlet)
  A yak (shapeshifter) (D:13)
  10 basilisks
  10 vampire mosquitoes
  Eustachio (D:6)
  4 steam dragons
  4 harpy simulacra
  5 swamp worms
  3 nagas (Lair:4)
  4 acid dragons
  7 water moccasins
  3 wargs
  A hell hound (Gauntlet)
  30 orc warriors
  4 ice beasts
  A sky beast (D:8)
  A black bear (shapeshifter) (D:13)
  4 black bears
  8 ogres
  2 lemures (D:7)
  13 centaurs
  23 wolves
  4 kobold brigands
  15 bullfrogs
  A gnoll sergeant (D:10)
  A scorpion (D:11)
  9 wights
  Dowan (D:5)
  28 killer bees
  An elephant simulacrum (IceCv)
  3 electric eels
  7 howler monkeys
  4 quasits (D:5)
  3 hounds
  A gnoll bouda (D:10)
  13 orc priests
  5 iguanas
  3 jellies (Sewer)
  Crazy Yiuf (D:6)
  5 hell rats (Lair:4)
  19 orc wizards
  2 troll simulacra (IceCv)
  8 adders
  13 gnolls
  4 river rats
  A shadow imp (D:7)
  3 white imps
  4 ufetubi
  A worm (Sewer)
  4 dart slugs
  57 orcs
  7 endoplasms
  9 giant cockroaches
  12 goblins
  6 hobgoblins
  4 jackals (D:2)
  24 kobolds
  3 quokkas (D:3)
  10 ball pythons
  5 bats
  7 frilled lizards
  9 rats
  A fungus (Orc:2)
  A lurking horror (Orc:1)
767 creatures vanquished.

Vanquished Creatures (collateral kills)
  An orc knight (Orc:1)
  An ice statue (D:9)
  A rime drake (Lair:4)
  3 basilisks (Lair:4)
  3 wyverns (Lair:4)
  A warg (Orc:1)
  3 orc warriors (Orc:1)
  2 hell rats (Lair:4)
  A naga simulacrum (IceCv)
  An orc (Orc:1)
17 creatures vanquished.

Vanquished Creatures (others)
  An ogre mage (D:12)
  A two-headed ogre (D:13)
  A necromancer (IceCv)
  An orc knight (Orc:1)
  A moth of wrath (shapeshifter) (Gauntlet)
  7 slime creatures
  A yak (shapeshifter) (Gauntlet)
  A death yak simulacrum (IceCv)
  A golden eye (shapeshifter) (Gauntlet)
  Duvessa (D:5)
  A water moccasin (Lair:3)
  2 ogres (Orc:1)
  Blork the orc (D:6)
  A wight (D:10)
  55 jellies
  A killer bee (Lair:2)
  2 electric eels (D:8)
  2 quasits (D:5)
  A hound (D:6)
  An iguana (D:6)
  2 orc wizards
  A white imp (D:6)
  13 orcs
  An endoplasm (D:4)
  3 kobolds
  A bush (D:15)
  6 demonic plants (D:5)
  75 fungi
  A lurking horror (Orc:1)
  102 plants
288 creatures vanquished.

Grand Total: 1072 creatures vanquished

Notes
Turn   | Place    | Note
-------+----------+-------------------------------------------
     0 | D:1      | Malachi the Palentonga Fighter began the quest for the Orb.
     0 | D:1      | Reached XP level 1. HP: 19/19 MP: 1/1
    63 | D:1      | Reached XP level 2. HP: 22/25 MP: 2/2
   244 | D:1      | Reached skill level 3 in Maces & Flails
   380 | D:1      | Found a faded altar of an unknown god.
   853 | D:2      | Reached XP level 3. HP: 30/31 MP: 3/3
   936 | D:2      | Reached skill level 4 in Maces & Flails
  1984 | D:2      | Reached XP level 4. HP: 37/37 MP: 4/4
  2672 | D:3      | Found Kavufupn's Distillery.
  2684 | D:3      | Bought a potion of curing for 36 gold pieces
  2684 | D:3      | Bought a potion of might for 48 gold pieces
  2741 | D:3      | Reached skill level 5 in Maces & Flails
  3145 | D:4      | Found a glowing drain.
  3160 | D:4      | Reached XP level 5. HP: 10/43 MP: 5/5
  3251 | Sewer    | Entered a sewer
  4198 | Sewer    | Reached skill level 6 in Maces & Flails
  4324 | Sewer    | Reached XP level 6. HP: 43/50 MP: 6/6
  4405 | Sewer    | Found a viscous altar of Jiyva.
  4488 | Sewer    | Became a worshipper of Jiyva Jiwoq the Shapeless
  4493 | Sewer    | Identified a scroll of acquirement
  4493 | Sewer    | Acquired the +3 helmet of the Voracious Slug {MP+9 Dex+3
                  | Stlth+}
  4737 | D:4      | Reached skill level 7 in Maces & Flails
  4909 | D:4      | Found a staircase to the Ecumenical Temple.
  4959 | D:4      | Found a hide-covered altar of Uskayaw.
  5011 | D:4      | Reached * piety under Jiyva
  5075 | D:4      | Found a sparkling altar of Nemelex Xobeh.
  5371 | D:5      | Entered Level 5 of the Dungeon
  5428 | D:5      | Gained mutation: You curl defensively after being hit. (AC
                  | +7*) [Palentonga growth]
  5428 | D:5      | Reached XP level 7. HP: 55/55 MP: 7/7
  5432 | D:5      | Reached skill level 8 in Maces & Flails
  5531 | D:5      | Found Wawu's Armour Shop.
  5687 | D:5      | Killed Duvessa
  5729 | D:5      | Reached ** piety under Jiyva
  5749 | D:5      | Reached skill level 9 in Maces & Flails
  5791 | D:5      | Noticed Dowan
  5796 | D:5      | Killed Dowan
  6057 | D:6      | Noticed Eustachio
  6072 | D:6      | Killed Eustachio
  6073 | D:6      | Reached XP level 8. HP: 62/62 MP: 8/8
  6130 | D:6      | Noticed Maggie
  6132 | D:6      | Noticed Grinder
  6148 | D:6      | Gained mutation: You are weak. (Str -2) [potion of
                  | mutation]
  6148 | D:6      | Gained mutation: You have hidden genetic defects. [potion
                  | of mutation]
  6148 | D:6      | Gained mutation: You are resistant to electric shocks.
                  | (rElec) [potion of mutation]
  6148 | D:6      | Gained mutation: You have sharp fingernails. [potion of
                  | mutation]
  6155 | D:6      | Killed Blork the orc
  6163 | D:6      | Killed Maggie
  6164 | D:6      | Reached skill level 10 in Maces & Flails
  6176 | D:6      | Killed Grinder
  6177 | D:6      | Reached skill level 11 in Maces & Flails
  6188 | D:6      | Gained mutation: Your magical capacity is low. (-10% MP)
                  | [hidden defects]
  6367 | D:6      | Gained mutation: You do not regenerate when monsters are
                  | visible. [hidden defects]
  6367 | D:6      | Lost mutation: You have hidden genetic defects. [hidden
                  | defects expressed]
  6384 | D:6      | Found a runed translucent door.
  6385 | D:6      | Noticed Crazy Yiuf
  6391 | D:6      | Killed Crazy Yiuf
  6392 | D:6      | Reached XP level 9. HP: 64/67 MP: 8/8
  6540 | D:6      | Reached skill level 12 in Maces & Flails
  6651 | D:6      | Reached *** piety under Jiyva
  6651 | D:6      | Lost mutation: Your magical capacity is low. (-10% MP)
                  | [Jiyva's grace]
  6651 | D:6      | Gained mutation: You have a small jelly attached to you
                  | that senses nearby items. [Jiyva's grace]
  6651 | D:6      | Gained mutation: You expend magic power (3 MP) to
                  | strengthen your wands. [Jiyva's grace]
  6651 | D:6      | Gained mutation: You are strong-willed. (Will+) [Jiyva's
                  | grace]
  6651 | D:6      | Gained mutation: You are highly strong-willed. (Will++)
                  | [Jiyva's grace]
  6898 | D:7      | Noticed Pikel
  6927 | D:7      | Killed Pikel
  6952 | D:7      | Found an opulent altar of Gozag.
  7068 | D:7      | Lost mutation: You have sharp fingernails. [potion of
                  | mutation]
  7068 | D:7      | Lost mutation: You have a small jelly attached to you that
                  | senses nearby items. [potion of mutation]
  7068 | D:7      | Gained mutation: You are agile. (Dex +4, Str/Int -1)
                  | [potion of mutation]
  7068 | D:7      | Gained mutation: You are partially covered in iridescent
                  | scales. (AC +2) [potion of mutation]
  7096 | D:7      | Reached skill level 13 in Maces & Flails
  7216 | D:7      | Reached skill level 14 in Maces & Flails
  7244 | D:7      | Reached XP level 10. HP: 70/78 MP: 10/10
  7317 | D:7      | Identified the +1 leather armour of Agoraphobia {Dex+3}
  7343 | D:7      | Found a sacrificial altar of Ru.
  7362 | D:7      | Reached **** piety under Jiyva
  7415 | D:7      | Found a bloodstained altar of Trog.
  7750 | D:8      | Reached skill level 5 in Fighting
  8308 | D:8      | Found a blossoming altar of Fedhas.
  8402 | D:9      | Lost mutation: You are partially covered in iridescent
                  | scales. (AC +2) [Jiyva's grace]
  8402 | D:9      | Lost mutation: You do not regenerate when monsters are
                  | visible. [Jiyva's grace]
  8402 | D:9      | Lost mutation: You are weak. (Str -2) [Jiyva's grace]
  8402 | D:9      | Gained mutation: You are partially covered in iridescent
                  | scales. (AC +2) [Jiyva's grace]
  8402 | D:9      | Gained mutation: You are mostly covered in iridescent
                  | scales. (AC +4) [Jiyva's grace]
  8402 | D:9      | Gained mutation: You are completely covered in iridescent
                  | scales. (AC +6) [Jiyva's grace]
  8402 | D:9      | Gained mutation: You are extremely strong-willed. (Will+++)
                  | [Jiyva's grace]
  8430 | D:9      | Noticed a two-headed ogre
  8437 | D:9      | Killed a two-headed ogre
  8527 | D:9      | Reached ***** piety under Jiyva
  8542 | D:9      | Found Tats's Jewellery Boutique.
  8563 | D:9      | Noticed an ice statue
  8638 | D:9      | Killed an ice statue
  8891 | D:9      | Reached skill level 10 in Fighting
  8891 | D:9      | Found a glowing golden altar of the Shining One.
  9025 | D:9      | Identified the +5 ring mail "Myin" {*Slow rF+ Dex+6}
  9086 | D:10     | Entered Level 10 of the Dungeon
  9090 | D:10     | Acquired the +3 barding of a Labyrinth {Str+3}
  9172 | D:10     | Reached XP level 11. HP: 85/96 MP: 11/11
  9244 | D:10     | Reached skill level 1 in Evocations
  9337 | D:10     | Noticed Urug
  9355 | D:10     | Killed Urug
  9491 | D:10     | Found a staircase to the Orcish Mines.
  9952 | D:11     | Found a frozen archway.
  9985 | D:11     | Noticed a two-headed ogre
  9999 | D:11     | Killed a two-headed ogre
 10000 | D:11     | Reached skill level 5 in Evocations
 10000 | D:11     | Noticed a two-headed ogre
 10055 | D:11     | Killed a two-headed ogre
 10224 | D:11     | Noticed a red ugly thing
 10238 | D:11     | Killed a red ugly thing
 10331 | D:11     | Reached XP level 12. HP: 107/110 MP: 12/12
 10380 | D:11     | Lost mutation: You are completely covered in iridescent
                  | scales. (AC +6) [Jiyva's grace]
 10380 | D:11     | Lost mutation: You are mostly covered in iridescent scales.
                  | (AC +4) [Jiyva's grace]
 10380 | D:11     | Lost mutation: You are agile. (Dex +4, Str/Int -1) [Jiyva's
                  | grace]
 10380 | D:11     | Lost mutation: You are extremely strong-willed. (Will+++)
                  | [Jiyva's grace]
 10380 | D:11     | Lost mutation: You are highly strong-willed. (Will++)
                  | [Jiyva's grace]
 10380 | D:11     | Lost mutation: You are strong-willed. (Will+) [Jiyva's
                  | grace]
 10380 | D:11     | Gained mutation: Your movements are slightly less
                  | encumbered by armour. (ER -2) [Jiyva's grace]
 10380 | D:11     | Gained mutation: Your movements are less encumbered by
                  | armour. (ER -4) [Jiyva's grace]
 10380 | D:11     | Gained mutation: Your movements are significantly less
                  | encumbered by armour. (ER -6) [Jiyva's grace]
 10380 | D:11     | Gained mutation: Your translucent skin slightly reduces
                  | your foes' accuracy. (Stealth+) [Jiyva's grace]
 10418 | D:11     | Found a staircase to the Lair.
 10609 | IceCv    | Entered an ice cave
 11147 | Lair:1   | Entered Level 1 of the Lair of Beasts
 11160 | Lair:1   | Reached skill level 5 in Armour
 11309 | Lair:1   | Reached ****** piety under Jiyva
 11490 | Lair:1   | Found a gate leading to a gauntlet.
 11499 | Gauntlet | Entered a Gauntlet
 11499 | Gauntlet | Found a transporter.
 11499 | Gauntlet | Found a transporter.
 11513 | Gauntlet | Found a transporter.
 11517 | Gauntlet | Found a transporter.
 11518 | Gauntlet | Found a transporter.
 11520 | Gauntlet | Found a transporter.
 11555 | Gauntlet | Noticed a death scarab
 11561 | Gauntlet | Found a transporter.
 11561 | Gauntlet | Found a transporter.
 11562 | Gauntlet | Found a transporter.
 11576 | Gauntlet | Found a transporter.
 11595 | Gauntlet | Found a transporter.
 11602 | Gauntlet | Found a transporter.
 11607 | Gauntlet | Found a transporter.
 11646 | Gauntlet | Found a transporter.
 11715 | Gauntlet | Identified the +8 flail "Binyd" {freeze, rPois rCorr}
 11740 | Gauntlet | Killed a death scarab
 11800 | Gauntlet | Identified the ring "Faarenk" {rElec Will+ Int+5}
 11840 | Gauntlet | Identified the ring of Brilliance {Ice rElec Str+2 Stlth+}
 11840 | Gauntlet | Noticed a minotaur
 11848 | Gauntlet | Killed a minotaur
 11853 | Gauntlet | Identified the amulet of the Sparrow {rC- rN+++ Regen+
                  | rCorr SInv}
 11932 | Lair:1   | Lost mutation: You are resistant to electric shocks.
                  | (rElec) [Jiyva's grace]
 11932 | Lair:1   | Lost mutation: Your movements are significantly less
                  | encumbered by armour. (ER -6) [Jiyva's grace]
 11932 | Lair:1   | Gained mutation: You are agile. (Dex +4, Str/Int -1)
                  | [Jiyva's grace]
 11932 | Lair:1   | Gained mutation: You are very agile. (Dex +8, Str/Int -2)
                  | [Jiyva's grace]
 11932 | Lair:1   | Gained mutation: Your translucent skin reduces your foes'
                  | accuracy. (Stealth+) [Jiyva's grace]
 11932 | Lair:1   | Gained mutation: Your transparent skin significantly
                  | reduces your foes' accuracy. (Stealth+) [Jiyva's grace]
 12294 | Lair:1   | Noticed a five-headed hydra
 12300 | Lair:1   | Killed a five-headed hydra
 12301 | Lair:1   | Reached XP level 13. HP: 107/116 MP: 13/13
 12747 | Lair:2   | Reached skill level 10 in Evocations
 13224 | Lair:2   | Found a staircase to the Swamp.
 13646 | Lair:3   | Reached skill level 5 in Shields
 14245 | Lair:4   | Found a staircase to the Snake Pit.
 14268 | Lair:4   | Lost mutation: You are very agile. (Dex +8, Str/Int -2)
                  | [Jiyva's grace]
 14268 | Lair:4   | Lost mutation: You are agile. (Dex +4, Str/Int -1) [Jiyva's
                  | grace]
 14268 | Lair:4   | Lost mutation: Your movements are less encumbered by
                  | armour. (ER -4) [Jiyva's grace]
 14268 | Lair:4   | Gained mutation: You can roll at foes to attack. [Jiyva's
                  | grace]
 14268 | Lair:4   | Gained mutation: You can roll a great distance at foes to
                  | attack. [Jiyva's grace]
 14268 | Lair:4   | Gained mutation: You have sharp toenails. [Jiyva's grace]
 14268 | Lair:4   | Gained mutation: You have razor-sharp toenails. [Jiyva's
                  | grace]
 14437 | Lair:4   | Identified the +1 chain mail of Autotheism {rElec Regen+
                  | rCorr Dex-4}
 14540 | Lair:4   | Reached XP level 14. HP: 119/124 MP: 14/14
 15752 | Lair:5   | Found a viscous altar of Jiyva.
 15788 | Lair:5   | Found a staircase to the Slime Pits.
 16153 | Slime:1  | Entered Level 1 of the Pits of Slime
 16315 | Slime:3  | Noticed Dissolution
 16315 | Slime:3  | Noticed a rockslime
 16325 | Slime:3  | Noticed an acid blob
 16325 | Slime:3  | Noticed an acid blob
 16342 | Slime:3  | Noticed an acid blob
 16407 | Slime:3  | Noticed a rockslime
 16430 | Slime:3  | Noticed a rockslime
 16493 | Slime:2  | Noticed a rockslime
 16493 | Slime:2  | Noticed a rockslime
 16495 | Slime:2  | Noticed a rockslime
 16598 | Slime:2  | Noticed a rockslime
 16602 | Slime:2  | Noticed a rockslime
 16742 | Slime:4  | Noticed a rockslime
 16746 | Slime:4  | Noticed a quicksilver ooze
 16751 | Slime:4  | Noticed an azure jelly
 16761 | Slime:4  | Noticed a quicksilver ooze
 16763 | Slime:4  | Noticed a quicksilver ooze
 16765 | Slime:4  | Noticed an acid blob
 16883 | Slime:4  | Noticed a rockslime
 16984 | Slime:4  | Noticed an acid blob
 17123 | Slime:5  | Entered Level 5 of the Pits of Slime
 17124 | Slime:5  | Noticed an azure jelly
 17174 | Slime:5  | Noticed a rockslime
 17206 | Slime:5  | Noticed an acid blob
 17209 | Slime:5  | Noticed a quicksilver ooze
 17224 | Slime:5  | Noticed an acid blob
 17224 | Slime:5  | Noticed an acid blob
 17231 | Slime:5  | Noticed a quicksilver ooze
 17231 | Slime:5  | Noticed a rockslime
 17236 | Slime:5  | Noticed an acid blob
 17263 | Slime:5  | Noticed an acid blob
 17266 | Slime:5  | Noticed the Royal Jelly
 17288 | Slime:5  | Noticed an azure jelly
 17295 | Slime:5  | Noticed an azure jelly
 17300 | Slime:5  | Noticed an acid blob
 17316 | Slime:5  | Found a viscous altar of Jiyva.
 17317 | Slime:5  | Noticed an acid blob
 17318 | Slime:5  | Noticed a rockslime
 17318 | Slime:5  | Noticed an acid blob
 17326 | Slime:5  | Got a slimy rune of Zot
 17327 | Slime:5  | Identified the ring "Wyisokar" {rF+ rC+ Int+2}
 17327 | Slime:5  | Noticed an azure jelly
 17332 | Slime:5  | Found the amulet of the Four Winds {rN+ Will+++ Clar}
 17355 | Slime:5  | Got the Incunable of Sepulchral Pollution
 17358 | Slime:5  | Got Mieghuo's Precepts of Bewitchment
 17383 | Slime:5  | Noticed an acid blob
 17412 | Slime:5  | Noticed a rockslime
 17717 | Lair:6   | Entered Level 6 of the Lair of Beasts
 17859 | Lair:6   | Reached skill level 10 in Shields
 17968 | Lair:6   | Lost mutation: Your transparent skin significantly reduces
                  | your foes' accuracy. (Stealth+) [Jiyva's grace]
 17968 | Lair:6   | Lost mutation: Your translucent skin reduces your foes'
                  | accuracy. (Stealth+) [Jiyva's grace]
 17968 | Lair:6   | Lost mutation: Your translucent skin slightly reduces your
                  | foes' accuracy. (Stealth+) [Jiyva's grace]
 17968 | Lair:6   | Gained mutation: Your body has grown eyes which may confuse
                  | attackers. (Acc +3) [Jiyva's grace]
 17968 | Lair:6   | Gained mutation: Your body has grown many eyes which may
                  | confuse attackers. (Acc +5) [Jiyva's grace]
 17968 | Lair:6   | Gained mutation: Your body is covered in eyes which may
                  | confuse attackers. (Acc +7, SInv) [Jiyva's grace]
 17968 | Lair:6   | Gained mutation: Your spells are a little harder to cast,
                  | but a little more powerful. [Jiyva's grace]
 18002 | Lair:6   | Acquired a manual of Maces & Flails
 18968 | Orc:1    | Entered Level 1 of the Orcish Mines
 18968 | Orc:1    | Noticed an orc warlord
 19005 | D:10     | Killed an orc warlord
 19449 | Orc:2    | Entered Level 2 of the Orcish Mines
 19452 | Orc:2    | Found Ebeivumm's General Store.
 19458 | Orc:2    | Reached skill level 15 in Maces & Flails
 19479 | Orc:2    | Noticed an orc warlord
 19684 | Orc:1    | Killed an orc warlord
 19701 | Orc:1    | Reached XP level 15. HP: 57/130 MP: 15/15
 19840 | Orc:2    | Reached skill level 16 in Maces & Flails
 19887 | Orc:2    | Found Futhus's Jewellery Boutique.
 19913 | Orc:2    | Found a staircase to the Elven Halls.
 20002 | Orc:2    | Found a shimmering blue altar of Sif Muna.
 20073 | Orc:2    | Found Awicvaur's Antique Armour Shop.
 20177 | Orc:2    | Found Luyt's Antique Weapon Emporium.
 20405 | Orc:2    | Bought a topaz-encrusted chain mail for 237 gold pieces
 20405 | Orc:2    | Identified the +1 chain mail "Qompoo" {Regen+ SInv} (You
                  | bought it in a shop on level 2 of the Orcish Mines)
 20448 | Orc:1    | Found a corrupted altar of Lugonu.
 20449 | Orc:1    | Noticed an orc warlord
 20465 | Orc:1    | Killed an orc warlord
 20487 | Orc:1    | Found a one-way gate to the infinite horrors of the Abyss.
 20504 | Orc:2    | Reached skill level 17 in Maces & Flails
 20668 | Orc:1    | Lost mutation: You expend magic power (3 MP) to strengthen
                  | your wands. [Jiyva's grace]
 20668 | Orc:1    | Lost mutation: Your movements are slightly less encumbered
                  | by armour. (ER -2) [Jiyva's grace]
 20668 | Orc:1    | Lost mutation: You can roll a great distance at foes to
                  | attack. [Jiyva's grace]
 20668 | Orc:1    | Gained mutation: Your translucent skin slightly reduces
                  | your foes' accuracy. (Stealth+) [Jiyva's grace]
 20668 | Orc:1    | Gained mutation: Your translucent skin reduces your foes'
                  | accuracy. (Stealth+) [Jiyva's grace]
 20668 | Orc:1    | Gained mutation: Your transparent skin significantly
                  | reduces your foes' accuracy. (Stealth+) [Jiyva's grace]
 20668 | Orc:1    | Gained mutation: Your melee attacks may engulf your foes in
                  | ooze. [Jiyva's grace]
 21276 | D:12     | Reached skill level 18 in Maces & Flails
 21681 | D:13     | Noticed Snorg
 21687 | D:13     | Killed Snorg
 21691 | D:13     | Reached skill level 19 in Maces & Flails
 21958 | D:13     | You fall into a shaft and drop 2 floors!
 21958 | D:15     | Entered Level 15 of the Dungeon
 21975 | D:15     | Noticed Louise
 22001 | D:15     | Killed Louise
 22069 | D:15     | Identified the +1 helmet of Hiummaed {SInv}
 22097 | D:15     | Found Gilgamesh's Dragon-Slaying Spoils.
 22298 | D:15     | Noticed Rupert
 22304 | D:15     | Killed Rupert
 22305 | D:15     | Reached skill level 20 in Maces & Flails
 22325 | D:15     | Lost mutation: You have razor-sharp toenails. [Jiyva's
                  | grace]
 22325 | D:15     | Lost mutation: Your body is covered in eyes which may
                  | confuse attackers. (Acc +7, SInv) [Jiyva's grace]
 22325 | D:15     | Lost mutation: Your transparent skin significantly reduces
                  | your foes' accuracy. (Stealth+) [Jiyva's grace]
 22325 | D:15     | Lost mutation: You have sharp toenails. [Jiyva's grace]
 22325 | D:15     | Gained mutation: You have large cloven feet. [Jiyva's
                  | grace]
 22325 | D:15     | Gained mutation: You have hoof-like feet. [Jiyva's grace]
 22325 | D:15     | Gained mutation: You have hooves in place of feet. [Jiyva's
                  | grace]
 22325 | D:15     | Gained mutation: You have a pair of small horns on your
                  | head. [Jiyva's grace]
 22387 | D:15     | Found a staircase to the Depths.
 22645 | D:14     | Reached XP level 16. HP: 138/138 MP: 16/16
 22888 | D:14     | Found a shimmering blue altar of Sif Muna.
 23047 | D:13     | Found a gate to the Vaults.
 23249 | D:13     | Lost mutation: You have hooves in place of feet. [potion of
                  | mutation]
 23249 | D:13     | Lost mutation: Your translucent skin reduces your foes'
                  | accuracy. (Stealth+) [potion of mutation]
 23249 | D:13     | Lost mutation: You can roll at foes to attack. [potion of
                  | mutation]
 23249 | D:13     | Gained mutation: You are robust. (+10% HP) [potion of
                  | mutation]
 23817 | D:3      | Bought a potion of mutation for 96 gold pieces
 23818 | D:3      | Lost mutation: You have hoof-like feet. [potion of
                  | mutation]
 23818 | D:3      | Lost mutation: Your melee attacks may engulf your foes in
                  | ooze. [potion of mutation]
 23818 | D:3      | Lost mutation: Your body has grown many eyes which may
                  | confuse attackers. (Acc +5) [potion of mutation]
 23818 | D:3      | Gained mutation: You do not regenerate when monsters are
                  | visible. [potion of mutation]
 24063 | Orc:2    | Bought a pair of runed gloves for 187 gold pieces
 24257 | Swamp:1  | Entered Level 1 of the Swamp
 24371 | Swamp:1  | Slain by a shambling mangrove

Illustrated notes

Levels and vault maps discovered:
D:1:      matt_arrival_los_fun, layout_basic, ebering_ecumenical_altar_rust,
          minmay_pentomino_x2
D:2:      minmay_inner_zag, layout_basic, small_statue_intersection,
          minmay_vboxes
D:3:      layout_loops_cross, serial_shops, nicolae_square_shop,
          minmay_misc_feat_alley, chequers_serial_rivers_micro_d
D:4:      layout_cave_pools, nicolae_uskayaw_suspiria,
          nicolae_overflow_hidden_temple, temple_doors_e, portal_sewer_entry_b,
          minmay_between
D:5:      layout_loops_cross, serial_shops, shop_fountains, serial_demonic,
          serial_demonic_d, serial_demonic_c, serial_demonic_f,
          serial_demonic_d, uniq_duvessa
D:6:      layout_loops_cross, uniq_maggie, uniq_eustachio, uniq_blork_the_orc,
          uniq_grinder, uniq_crazy_yiuf_cottage
D:7:      layout_rooms, grunt_gozag_breadcrumbs, mainiacjoe_overflow_paths,
          nicolae_ru_path_of_blood, uniq_pikel
D:8:      minmay_octagon_keep, layout_basic, fedhas_bush_and_centaur_altar,
          amethyst_killhole, disabler_island
D:9:      layout_roguey, amcnicky_altar_gilded, serial_shops,
          nicolae_shop_stone, minivault_16
D:10:     layout_roguey, david_orc_4, nrook_mini_backslash, uniq_urug
D:11:     layout_cave_pools, grunt_lair_entry_orc_guard_hut, serial_ice,
          serial_ice_m, serial_ice_i, serial_ice_e, serial_ice_n,
          portal_ice_cave_entry_pillars_2, grunt_ministairs_7
D:12:     layout_roguey, minmay_pinched_square
D:13:     layout_basic, david_vaults_1, uniq_snorg
D:14:     layout_rooms, infiniplex_staircase_x, minmay_ruined_shrine
D:15:     grunt_enter_depths_magical_seal, layout_basic, serial_park_square1
          [serial_park_minivault_5x5_3], nicolae_shop_dragon_depot, uniq_rupert,
          uniq_louise
Lair:1:   layout_cave_pods, gauntlet_entry_generic, grunt_megastairs_2,
          serial_bayou_shore_b
Lair:2:   layout_roguey [special_room_bee], palyth_hydra_swamp_entry
Lair:3:   layout_hall_layers, grunt_megastairs_1, serial_bayou_shore_a
Lair:4:   layout_cave_pods, guppyfry_snake_entry_garden, special_room
          [special_room_mythical_zoo], serial_bayou_shore_b
Lair:5:   layout_cave_pods, slime_entry_1, ldierk_geyser
Lair:6:   evilmike_catoblepas_cave, layout_cave_pods,
          infiniplex_staircase_pool_2
Swamp:1:  layout_basic_swamp, evilmike_swamp_ruin_rubble_2, swamp_pool2,
          lightli_tree_ring
Slime:1:  layout_caves, cheibrodos_slime_lost_civilization_5
Slime:2:  layout_caves
Slime:3:  layout_caves, dissolution_awaits
Slime:4:  layout_caves, cheibrodos_slime_lost_civilization_7
Slime:5
Orc:1:    layout_caves, special_room [special_room_orc],
          amcnicky_altar_lugonu_corruption
Orc:2:    grunt_orc_gardens, layout_caves, grunt_orc_garden, grunt_orc_garden,
          grunt_orc_garden, grunt_orc_garden, led_sif_book

Skill      XL: |  1  2  3  4  5  6  7  8  9 10 11 12 13 14 15 16 |
---------------+-------------------------------------------------+-----
Maces & Flails | 3 4 5 6 7 9 11 14 15 20 | 20.4
Fighting       | 4 10 12 | 12.4
Evocations     | 6 9 10 11 | 11.5
Armour         | 6 9 |  9.2
Shields        | 7 12 | 12.0

Action                   |  1- 3 |  4- 6 |  7- 9 | 10-12 | 13-15 | 16-18 || total
-------------------------+-------+-------+-------+-------+-------+-------++-------
Melee: Flail             |   138 |   179 |   219 |    46 |  1152 |   109 ||  1843
       Tailslap          |     8 |    15 |    46 |   164 |   217 |    20 ||   470
       Whip              |       |       |    97 |   947 |       |       ||  1044
       Kick              |       |       |       |       |    17 |    35 ||    52
       Headbutt          |       |       |       |       |     3 |    24 ||    27
Invok: Oozemancy         |       |       |       |     1 |     5 |       ||     6
 Abil: Rolling Charge    |     1 |     4 |       |    14 |    36 |     1 ||    56
Evoke: Wand              |       |     5 |       |     5 |     7 |       ||    17
  Use: Scroll            |       |    16 |     1 |     8 |     4 |     1 ||    30
       Potion            |       |     1 |    11 |     1 |     1 |     2 ||    16
 Stab: Distracted        |       |       |     1 |     7 |       |       ||     8
       Sleeping          |       |       |     1 |     4 |     2 |       ||     7
       Confused          |       |       |       |       |    19 |     2 ||    21
Armor: Scale mail        |    77 |   124 |   102 |       |       |       ||   303
       Swamp dragon scal |       |       |    54 |   113 |       |       ||   167
       Chain mail        |       |       |       |   240 |   826 |    72 ||  1138
       Ring mail         |       |       |       |    11 |       |       ||    11
Dodge: Dodged            |    48 |    83 |   126 |   267 |   349 |    16 ||   889
Block: Buckler           |    24 |    50 |    56 |   121 |    63 |       ||   314
       Kite shield       |       |       |       |       |   499 |    74 ||   573

Table legend: (Time is in decaauts)
 A = Elapsed time spent in this place.
 B = Non-inter-level travel time spent in this place.
 C = Inter-level travel time spent in this place.
 D = Time resting spent in this place.
 E = Time spent auto-exploring this place.
 F = Levels seen in this place.
 G = Mean time per level.
                   A        B        C        D        E       F      G
               +--------+--------+--------+--------+--------+-----+--------+
         Total |  23750 |  21457 |   2293 |   2139 |  13792 |  32 |  742.2 |
       Dungeon |  12018 |  10911 |   1107 |    643 |   7679 |  15 |  801.2 |
          Lair |   6113 |   5383 |    730 |     25 |   4043 |   6 | 1018.8 |
         Swamp |    112 |    112 |      0 |      0 |     57 |   1 |  112.0 |
    Slime Pits |   1465 |   1264 |    201 |      0 |   1157 |   5 |  293.0 |
  Orcish Mines |   1941 |   1687 |    254 |    515 |    754 |   2 |  970.5 |
         Sewer |   1274 |   1274 |      0 |    937 |     75 |   1 | 1274.0 |
      Ice Cave |    413 |    413 |      0 |     19 |     27 |   1 |  413.0 |
      Gauntlet |    410 |    410 |      0 |      0 |      0 |   1 |  410.0 |
               +--------+--------+--------+--------+--------+-----+--------+

Top non-repeatable levels by time:
     D:2: 1811 daAuts
   Sewer: 1274 daAuts
  Lair:4: 1274 daAuts
  Lair:1: 1195 daAuts
   Orc:1: 1074 daAuts
    D:10: 1066 daAuts
  Lair:6: 1005 daAuts
  Lair:5: 944 daAuts
     D:6: 904 daAuts
  Lair:2: 883 daAuts
     D:3: 871 daAuts
   Orc:2: 866 daAuts
     D:4: 846 daAuts
  Lair:3: 810 daAuts
    D:11: 770 daAuts
